 Dungeon Crawl Stone Soup version 0.29-a0-365-gd383c6f (webtiles) character file.

Game seed: 15168971505665954986

193 lyrin the Skirmisher (level 5, -5/41 HPs)
             Began as a Demonspawn Monk on Apr 30, 2022.
             Was a Believer of Qazlal.
             Slain by a troll (6 damage)
             ... on level 5 of the Dungeon.
             The game lasted 00:03:28 (2365 turns).

lyrin the Skirmisher (Demonspawn Monk)              Turns: 2365, Time: 00:03:29

Health: -5/41      AC: 10    Str: 19    XL:     5   Next: 43%
Magic:  6/6        EV: 13    Int: 11    God:    Qazlal [**....]
Gold:   165        SH:  3    Dex: 21    Spells: 4/4 levels left

rFire   . . .      SeeInvis .   b - +2 dagger (elec)
rCold   . . .      Faith    .   (no shield)
rNeg    . . .      Spirit   .   j - +0 ring mail
rPois   +          Reflect  .   (no helmet)
rElec   .          Harm     .   (no cloak)
rCorr   .          Rampage  .   z - +0 pair of gloves of Vanity {rPois Dex+5}
Will    .....                   (no boots)
Stlth   ++........              (no amulet)
HPRegen 0.13/turn               i - +6 ring of strength
MPRegen 0.10/turn               l - +4 ring of protection

@: brilliant
A: claws 2, powered by death 2
a: Renounce Religion, Upheaval


You were on level 5 of the Dungeon.
You worshipped Qazlal.
Qazlal was pleased with you.
You visited 1 branch of the dungeon, and saw 4 of its levels.

You collected 165 gold pieces.

Inventory:

Hand Weapons
 a - a +0 falchion
 b - a +2 dagger of electrocution (weapon)
Armour
 j - a +0 ring mail (worn)
 z - the +0 pair of gloves of Vanity (worn) {rPois Dex+5}
   (You found it on level 3 of the Dungeon)

   Dex:       It affects your dexterity (+5).
   rPois:     It protects you from poison.
Jewellery
 i - a +6 ring of strength (left hand)
 l - a +4 ring of protection (right hand)
 o - a ring of ice
 v - a ring of protection from fire
 y - a +6 ring of intelligence
Wands
 x - a wand of polymorph (4)
Scrolls
 d - 4 scrolls of identify {unknown}
 e - a scroll of vulnerability {unknown}
 f - a scroll of enchant armour {unknown}
 g - 3 scrolls of teleportation {unknown}
 m - a scroll of summoning {unknown}
 n - a scroll of amnesia {unknown}
 p - a scroll of torment {unknown}
 s - a scroll of immolation {unknown}
 u - 3 scrolls of noise {unknown}
Potions
 c - a potion of ambrosia
 h - 2 potions of brilliance
 k - a potion of resistance {unknown}
 q - a potion of mutation {unknown}
 r - 2 potions of invisibility {unknown}
 t - 2 potions of haste {unknown}
 w - 2 potions of heal wounds {unknown}


   Skills:
 + Level 3.6 Fighting
 + Level 1.3(2.5) Short Blades
 + Level 3.3(3.5) Long Blades
 + Level 1.2 Armour
 + Level 3.4 Dodging
 + Level 2.7 Stealth
 + Level 0.1 Shields
 * Level 1.9 Invocations


You had 4 spell levels left.
You didn't know any spells.
Your spell library was empty.

Dungeon Overview and Level Annotations

Branches:
Dungeon (3/15)

Altars:
Cheibriados
Makhleb
Qazlal


Innate Abilities, Weirdness & Mutations

You have very sharp fingernails.
You regenerate health from kills.


Message History

You destroy the phantom!
Qazlal accepts your kill.
Your base Short Blades skill increases to level 1!
Your Armour skill increases to level 1!
Your Invocations skill increases to level 1!
You have reached level 5!
Your demonic ancestry asserts itself...
Your fingernails sharpen.
You open the door.
There is an open door here.
A jelly is nearby!
The jelly quivers.
Found a leather armour.
Found a robe.
You hit the jelly but do no damage. Lightning courses through the jelly!!
You kill the jelly!
Qazlal accepts your kill.
A troll comes into view.
The troll shouts!
The troll attacks as you move away! The troll bites you. The troll claws you.
The troll barely misses you. The troll attacks as you move away!
You block the troll's attack. The troll barely misses you.
The troll claws you but does no damage. The troll attacks as you move away!
The troll closely misses you. The troll claws you but does no damage.
The troll claws you!
You hear the slow rusting of a very distant drain.
You hit the troll but do no damage. The troll bites you! The troll claws you.
* * * LOW HITPOINT WARNING * * *
The troll claws you but does no damage.
You hit the troll. Lightning courses through the troll!
The troll is heavily wounded.
The troll bites you but does no damage. The troll claws you.
* * * LOW HITPOINT WARNING * * *
The troll claws you.
* * * LOW HITPOINT WARNING * * *
Unknown command.
It was a potion of brilliance.
You feel clever all of a sudden. The troll bites you.
You die...

.. #........#........ ...
##................. ....
#..[.....####...... .....##
###.......#####......
.......###.........##.........
#...#....................
###....#.......###.###...
####.°○......##.. #...
#...T@......#... #...
#...°.......#... ....
#..######...#... #... #....
...##.. ###.. ..# ... .... ..#


You could see a troll.

Vanquished Creatures
  A phantom (D:5)
  Crazy Yiuf (D:2)
  A jelly (D:5)
  An adder (D:3)
  A worm (D:3)
  3 dart slugs
  5 endoplasms
  3 giant cockroaches (D:1)
  7 hobgoblins
  6 kobolds
  5 ball pythons
  5 bats
  A frilled lizard (D:3)
  3 rats
43 creatures vanquished.

Notes
Turn   | Place    | Note
-------+----------+-------------------------------------------
     0 | D:1      | lyrin the Demonspawn Monk began the quest for the Orb.
     0 | D:1      | Reached XP level 1. HP: 18/18 MP: 1/1
   533 | D:1      | Gained mutation: You have sharp fingernails. [demonic
                  | ancestry]
   533 | D:1      | Reached XP level 2. HP: 21/24 MP: 2/2
   752 | D:1      | Found a faded altar of an unknown god.
  1208 | D:2      | Found a runed translucent door.
  1213 | D:2      | Noticed Crazy Yiuf
  1218 | D:2      | Killed Crazy Yiuf
  1219 | D:2      | Gained mutation: You regenerate a little health from kills.
                  | [demonic ancestry]
  1219 | D:2      | Reached XP level 3. HP: 24/29 MP: 3/3
  1493 | D:2      | Found a stormy altar of Qazlal.
  1534 | D:2      | Became a worshipper of Qazlal Stormbringer
  1534 | D:2      | Reached * piety under Qazlal
  1534 | D:2      | Reached ** piety under Qazlal
  1944 | D:3      | Gained mutation: You regenerate health from kills. [demonic
                  | ancestry]
  1944 | D:3      | Reached XP level 4. HP: 31/35 MP: 4/4
  2086 | D:3      | Found a snail-covered altar of Cheibriados.
  2187 | D:3      | Identified the +0 pair of gloves of Vanity {rPois Dex+5}
  2260 | D:3      | You fall into a shaft and drop 2 floors!
  2260 | D:5      | Entered Level 5 of the Dungeon
  2278 | D:5      | Found a burning altar of Makhleb.
  2288 | D:5      | Noticed a phantom
  2323 | D:5      | Killed a phantom
  2324 | D:5      | Reached skill level 1 in Short Blades
  2324 | D:5      | Reached skill level 1 in Armour
  2324 | D:5      | Reached skill level 1 in Invocations
  2324 | D:5      | Gained mutation: You have very sharp fingernails. [demonic
                  | ancestry]
  2324 | D:5      | Reached XP level 5. HP: 36/41 MP: 4/6
  2353 | D:5      | Noticed a troll
  2364 | D:5      | HP: 1/41 [troll (5)]
  2365 | D:5      | Slain by a troll

Illustrated notes

Levels and vault maps discovered:
D:1:      dpeg_arrival_connections, layout_basic,
          nicolae_ecumenical_snake_handling
D:2:      layout_loops_ring, basic_altar, uniq_crazy_yiuf_cottage
D:3:      layout_basic, mainiacjoe_overflow_chevrons, hex_medium, minmay_cupped
D:5:      layout_rooms, mainiacjoe_overflow_alcove_3, mainiacjoe_overflow_paths,
          nicolae_wu_jian_immortal_techniques, minmay_temple_entry_tees,
          serial_shops, shop, gup_sewer_entry_bubbles,
          minmay_misc_feat_enclosed, nrook_uturn, chequers_serial_rivers_room_b

Skill      XL: |  1  2  3  4 |
---------------+-------------+-----
Stealth        | 2 |  2.7
Long Blades    | 3 |  3.3
Dodging        | 3 |  3.4
Short Blades   | 1 |  1.3
Armour         | 1 |  1.2
Invocations    | 1 |  1.9
Fighting       | |  3.6
Shields        | |  0.1

Action                   |  1- 3 |  4- 6 || total
-------------------------+-------+-------++-------
Melee: Falchion          |    32 |       ||    32
       Punch             |     1 |     2 ||     3
       Dagger            |    45 |    34 ||    79
  Use: Potion            |       |     1 ||     1
 Stab: Sleeping          |     4 |       ||     4
Armor: Robe              |    11 |       ||    11
       Ring mail         |    23 |    10 ||    33
Dodge: Dodged            |    58 |    16 ||    74
Block: Other             |     1 |     2 ||     3

Table legend: (Time is in decaauts)
 A = Elapsed time spent in this place.
 B = Non-inter-level travel time spent in this place.
 C = Inter-level travel time spent in this place.
 D = Time resting spent in this place.
 E = Time spent auto-exploring this place.
 F = Levels seen in this place.
 G = Mean time per level.
                   A        B        C        D        E       F      G
               +--------+--------+--------+--------+--------+-----+--------+
         Total |   2359 |   2294 |     65 |      0 |   1750 |   4 |  589.8 |
       Dungeon |   2359 |   2294 |     65 |      0 |   1750 |   4 |  589.8 |
               +--------+--------+--------+--------+--------+-----+--------+

Top non-repeatable levels by time:
     D:1: 1149 daAuts
     D:2: 772 daAuts
     D:3: 333 daAuts
     D:5: 104 daAuts
